 Dungeon Crawl Stone Soup version 0.30-a0-802-gb92711bcdf (webtiles) character file.

Game seed: 16065857973649411377

6456 cheesebisquit the Spear-Bearer (level 10, -4/83 HPs)
             Began as a Merfolk Gladiator on Feb 23, 2023.
             Was a Priest of Dithmenos.
             Killed from afar by a deep elf pyromancer (25 damage)
             ... with a bolt of fire
             ... on level 9 of the Dungeon.
             The game lasted 00:35:39 (9155 turns).

cheesebisquit the Spear-Bearer (Merfolk Gladiator)  Turns: 9155, Time: 00:35:40

Health: -4/83      AC: 13    Str: 23    XL:     10   Next: 99%
Magic:  14/14      EV:  9    Int:  9    God:    Dithmenos [***...]
Gold:   592        SH:  0    Dex: 16    Spells: 9/9 levels left

rFire   . . .      SeeInvis .    v - +2 halberd
rCold   . . .      Faith    .    (shield currently unavailable)
rNeg    . . .      Spirit   .    L - +0 plate armour
rPois   .          Reflect  .    c - +0 helmet
rElec   .          Harm     .    E - +0 cloak
rCorr   .          Rampage  .    l - +0 pair of gloves
Will    .....                    (no boots) Stlth
                                 N - amulet of magic regeneration
HPRegen 0.33/turn                g - +6 ring of strength
MPRegen 0.54/turn                q - +4 ring of slaying

@: wreathed by umbra
A: (nimble swimmer 2), mertail
a: Renounce Religion, Shadow Step


You were on level 9 of the Dungeon.
You worshipped Dithmenos.
Dithmenos was most pleased with you.
You visited 2 branches of the dungeon, and saw 10 of its levels.

You collected 592 gold pieces.

Inventory:

Hand Weapons
 a - a +2 trident
 v - a +2 halberd (weapon)
Missiles
 e - a javelin
 j - 14 poisoned darts
 B - a boomerang (quivered)
 D - 6 curare-tipped darts
Armour
 c - a +0 helmet (worn)
 l - a +0 pair of gloves (worn)
 n - a +0 chain mail
 E - a +0 cloak (worn)
 G - a +3 leather armour of poison resistance
 L - a +0 plate armour (worn)
Jewellery
 g - a +6 ring of strength (left hand)
 q - a +4 ring of slaying (right hand)
 N - an amulet of magic regeneration (around neck)
Wands
 d - a wand of iceblast (25)
 o - a wand of mindburst (13)
 A - a wand of flame (29)
 H - a wand of paralysis (12)
Scrolls
 b - a scroll of fog {unknown}
 i - 3 scrolls of teleportation
 m - a scroll of noise {unknown}
 p - a scroll of amnesia
 r - a scroll of poison {unknown}
 t - a scroll of magic mapping {unknown}
 u - a scroll of brand weapon {unknown}
 x - a scroll of immolation {unknown}
 C - a scroll of fear
 M - a scroll of vulnerability
 O - a scroll of enchant armour {unknown}
Potions
 f - 2 potions of invisibility
 h - 9 potions of brilliance
 k - a potion of magic
 s - a potion of cancellation
 z - 2 potions of ambrosia
 F - a potion of mutation
 I - a potion of flight {unknown}
 J - 2 potions of might
 K - 3 potions of lignification
Miscellaneous
 w - a phial of floods


   Skills:
 * Level 9.2 Fighting
 - Level 14.0 Polearms
 - Level 2.0 Throwing
 + Level 8.5 Dodging
 + Level 6.6 Stealth
 + Level 5.4 Invocations


You had 9 spell levels left.
You didn't know any spells.
Your spell library contained the following spells:

 Spells                   Type           Power      Damage    Failure   Level
 Beastly Appendage        Tmut           0%         N/A       100%        1
 Magic Dart               Conj           0%         1d3       100%        1
 Call Imp                 Summ           0%         N/A       100%        2
 Wereblood                Tmut           0%         N/A       100%        2
 Ignite Poison            Fire/Tmut/Pois 0%         N/A       100%        3
 Kindle Blastsparks       Fire/Tloc/Air  0%         2d10      100%        3
 Mephitic Cloud           Conj/Pois/Air  0%         N/A       100%        3
 Spider Form              Tmut/Pois      0%         N/A       100%        3
 Stone Arrow              Conj/Erth      0%         3d7       100%        3
 Animate Armour           Summ/Erth      0%         N/A       100%        4
 Cause Fear               Hex            0%         N/A       100%        4
 Freezing Cloud           Conj/Ice/Air   0%         6-21      100%        5
 Dragon Form              Tmut           0%         N/A       100%        7
 Lehudib's Crystal Spear  Conj/Erth      0%         10d2      100%        8
 Dragon's Call            Summ           0%         N/A       100%        9


Dungeon Overview and Level Annotations

Branches:
Dungeon (9/15)             Temple (1/1) D:6            Lair (0/5) D:8
    Orc (0/2) D:9

Altars:
Ashenzari
Cheibriados
Dithmenos
Elyvilon
Fedhas
Gozag
Hepliaklqana
Kikubaaqudgha
Makhleb
Nemelex Xobeh
Okawaru
Qazlal
Ru
Sif Muna
Trog
Uskayaw
Vehumet
Wu Jian
Xom
Yredelemnul
Zin
The Shining One

Shops:
D:2 (   D:9 *

Annotations:
D:8 1 runed translucent door, cheesebisquit's ghost, novice MiHu


Innate Abilities, Weirdness & Mutations

((You are very nimble when in or above water. (Stealth+, EV+, Speed+++)))
Your lower body shifts to a powerful aquatic tail in water.


Message History

You throw a boomerang.
The boomerang closely misses the deep elf pyromancer.
You throw a boomerang.
The boomerang hits the deep elf pyromancer.
The deep elf pyromancer is lightly wounded.
You throw a boomerang.
The boomerang hits the deep elf pyromancer.
The deep elf pyromancer is lightly wounded.
The deep elf pyromancer mumbles some strange words. x2
You throw a boomerang.
The boomerang completely misses the fire elemental.
The fire elemental disappears in a puff of smoke!
You closely miss the fire elemental. The fire elemental hits you.
The fire elemental burns you!
The deep elf pyromancer gestures wildly while chanting.
The deep elf pyromancer blinks!
You slash the fire elemental!
The fire elemental is heavily damaged.
The fire elemental hits you. The fire elemental burns you!
The fire elemental misses you.
You puncture the fire elemental!
The fire elemental is almost destroyed.
The fire elemental hits you. The fire elemental burns you!
The fire elemental hits you. The fire elemental burns you!
You barely miss the fire elemental.
The fire elemental is almost destroyed.
The fire elemental hits you. The fire elemental burns you!
The fire elemental hits you. The fire elemental burns you!
The fire elemental hits you. The fire elemental burns you!
The fire elemental hits you. The fire elemental burns you!
* * * LOW HITPOINT WARNING * * *
The fire elemental hits you. The fire elemental burns you!
* * * LOW HITPOINT WARNING * * *
The fire elemental barely misses you.
Blink to where?
Press: ? - help, Dir - move target
As you read the scroll of blinking, it crumbles to dust.
The deep elf pyromancer casts a spell at you.
The bolt of fire hits you!!
You die...

..#..# #.#E)##.#..###'###...#....
).#..###.°E<#####................
..'.......#...#####)##......##...
○['○E...°.....#....)........##...
..#........##....#.)).......##...
..#.........#.<.###..............
'##..#.........###..)........####
.##..#.........#......e..°.○..##.
###..###......#.@....E☼E..○○.###.
#..# ##.............E○○○§.## ##
#..# #....................####
#.#####.......#................
#.###.........###.##......##...
#...........### ####...........
####........# #...........
##.......# #..#........ ####.####
#####..>....


You could see a deep elf pyromancer and 3 fire elementals.

Vanquished Creatures
  Erolcha (D:9)
  A two-headed ogre (D:5)
  A deep elf pyromancer (D:9)
  Joseph (D:9)
  A troll (D:8)
  2 hornets
  A wraith (D:8)
  A wyvern (D:9)
  A steam dragon (D:7)
  Duvessa (D:5)
  3 water moccasins
  A swamp drake (D:9)
  An ice beast (D:8)
  A black bear (D:6)
  An orc warrior (D:8)
  2 sky beasts
  2 ogres
  A kobold brigand (D:9)
  2 bullfrogs
  A necrophage (D:7)
  3 scorpions
  10 wights
  Dowan (D:5)
  10 killer bees
  A howler monkey (D:8)
  2 orc priests
  6 hounds
  3 jellies (D:6)
  6 orc wizards
  Ijyb (D:5)
  3 iguanas (D:5)
  2 scorpion zombies (D:3)
  9 adders
  2 shadow imps
  5 white imps
  2 ufetubi
  An adder skeleton (D:3)
  An adder zombie (D:3)
  4 worms
  4 dart slugs
  28 orcs
  9 bats
  3 endoplasms
  3 giant cockroaches
  9 goblins
  7 hobgoblins
  3 jackals (D:3)
  3 quokkas
  4 ball pythons
  A ball python skeleton (D:3)
  A ball python zombie (D:3)
  4 frilled lizards
  A giant cockroach zombie (D:3)
  13 kobolds
  3 rats
194 creatures vanquished.

Vanquished Creatures (others)
  An orc wizard (D:9)
  An orc (D:9)
2 creatures vanquished.

Grand Total: 196 creatures vanquished

Notes
Turn   | Place    | Note
-------+----------+-------------------------------------------
     0 | D:1      | cheesebisquit the Merfolk Gladiator began the quest for the
                  | Orb.
     0 | D:1      | Reached XP level 1. HP: 16/16 MP: 1/1
    97 | D:1      | Reached XP level 2. HP: 22/22 MP: 2/2
   189 | D:1      | Reached skill level 5 in Polearms
   522 | D:1      | Reached XP level 3. HP: 24/27 MP: 3/3
   543 | D:1      | You fall into a shaft and drop 1 floor!
   643 | D:2      | Found Riulolaps's Antique Weapon Boutique.
   658 | D:2      | Found a faded altar of an unknown god.
   729 | D:2      | Reached skill level 6 in Polearms
   855 | D:2      | Reached XP level 4. HP: 29/33 MP: 4/4
  1182 | D:3      | Found a shadowy altar of Dithmenos.
  1228 | D:3      | Reached skill level 7 in Polearms
  1304 | D:3      | Reached XP level 5. HP: 38/38 MP: 5/5
  1917 | D:3      | Found a sacrificial altar of Ru.
  2109 | D:3      | Became a worshipper of Dithmenos the Shadowed
  2135 | D:4      | Reached skill level 8 in Polearms
  2359 | D:4      | Reached XP level 6. HP: 44/44 MP: 6/6
  2660 | D:5      | Entered Level 5 of the Dungeon
  2676 | D:5      | Reached skill level 9 in Polearms
  2829 | D:5      | Noticed a two-headed ogre
  2849 | D:5      | Killed a two-headed ogre
  2850 | D:5      | Reached skill level 12 in Polearms
  2850 | D:5      | Reached XP level 7. HP: 50/50 MP: 7/7
  2850 | D:5      | Reached XP level 8. HP: 56/56 MP: 8/8
  3123 | D:5      | Reached * piety under Dithmenos
  3128 | D:5      | Reached skill level 13 in Polearms
  3377 | D:5      | Noticed Ijyb
  3386 | D:5      | Killed Ijyb
  3695 | D:5      | Noticed Duvessa
  3696 | D:5      | Noticed Dowan
  3711 | D:5      | Killed Duvessa
  3712 | D:5      | Reached skill level 14 in Polearms
  3712 | D:5      | Reached skill level 1 in Stealth
  3716 | D:5      | Killed Dowan
  4442 | D:6      | Found a staircase to the Ecumenical Temple.
  4451 | Temple   | Entered the Ecumenical Temple
  4594 | D:6      | Reached XP level 9. HP: 64/64 MP: 9/9
  4652 | D:6      | Reached skill level 5 in Dodging
  4743 | D:6      | Found a radiant altar of Vehumet.
  5279 | D:7      | Reached skill level 1 in Invocations
  5302 | D:7      | Reached skill level 5 in Fighting
  5422 | D:7      | Noticed a hornet
  5437 | D:7      | Killed a hornet
  5688 | D:7      | Found a burning altar of Makhleb.
  6328 | D:8      | Found a runed translucent door.
  6530 | D:8      | Found a staircase to the Lair.
  6561 | D:8      | Found a basalt altar of Yredelemnul.
  6563 | D:8      | Found an opulent altar of Gozag.
  6804 | D:8      | Found a shimmering altar of Xom.
  6804 | D:8      | Noticed a +0 war axe of chaos
  6804 | D:8      | Noticed cheesebisquit's ghost (novice MiHu)
  6872 | D:8      | Found a white marble altar of Elyvilon.
  6892 | D:8      | Reached ** piety under Dithmenos
  6893 | D:8      | Reached XP level 10. HP: 77/77 MP: 12/12
  7159 | D:8      | Noticed a lindwurm
  7174 | D:8      | Noticed a lindwurm
  7280 | D:8      | Found the +9 staff of Olgreb {rPois∞}
  7281 | D:8      | Noticed a lindwurm
  7325 | D:8      | Reached skill level 5 in Stealth
  7562 | D:9      | Noticed Joseph
  7584 | D:9      | Killed Joseph
  7967 | D:9      | Noticed Erolcha
  7980 | D:9      | Killed Erolcha
  8131 | D:9      | Found Egade's Assorted Antiques.
  8147 | D:9      | Reached skill level 5 in Invocations
  8520 | D:9      | Found a staircase to the Orcish Mines.
  8548 | D:9      | Found a bloodstained altar of Trog.
  8585 | D:9      | Reached *** piety under Dithmenos
  8657 | D:9      | Noticed a deep elf pyromancer
  8659 | D:9      | Killed a deep elf pyromancer
  8699 | D:9      | Noticed a deep elf pyromancer
  9050 | D:8      | Noticed a lindwurm
  9155 | D:9      | Killed from afar by a deep elf pyromancer

Illustrated notes

Levels and vault maps discovered:
D:1:      kennysheep_arrival_forest, layout_loops_ring, serial_forest,
          infiniplex_forest_clump_small, infiniplex_forest_clump_tiny,
          infiniplex_forest_end_1, infiniplex_forest_join,
          infiniplex_forest_zigzag_1, infiniplex_forest_lined_2,
          infiniplex_forest_lined_3
D:2:      layout_basic, ebering_ecumenical_altar_sacrificial, serial_shops,
          nicolae_shop_advertising_works [nicolae_subvault_shop_adworks]
D:3:      layout_basic, lemuel_crystal_altar, nicolae_ru_path_of_blood,
          serial_undead, serial_undead_e, serial_undead_d, serial_undead_c,
          serial_undead_c, serial_undead_a, serial_undead_c,
          roderic_serpentine_path
D:4:      layout_basic
D:5:      minmay_inner_zag, layout_basic, minmay_strange_pillars,
          grunt_ministairs_1, uniq_duvessa, uniq_ijyb
D:6:      layout_loops_ring, nicolae_vehumet_altar_sigil,
          minmay_temple_entry_glassed_door
D:7:      layout_cave_pools, bloody_makhleb, serial_rivers,
          chequers_serial_rivers_micro_c, chequers_serial_rivers_small_a,
          chequers_serial_rivers_micro_e, chequers_serial_rivers_large_b
D:8:      layout_basic, elyvilon_altar_1, jmf_multi_god_temple,
          lair_entry_dummy, ebering_ghost_xom, minmay_lindwurm_lava
D:9:      layout_cave_pools, kennysheep_little_box, serial_shops, shop,
          hangedman_minor_magic, uniq_joseph, uniq_erolcha
Temple:   compressed_dpeg_circular_temple

Skill      XL: |  1  2  3  4  5  6  7  8  9 10 |
---------------+-------------------------------+-----
Polearms       | 5 6 7 8 12 14 | 14.0
Stealth        | 2 4 6 |  6.6
Fighting       | 3 6 9 |  9.2
Dodging        | 6 8 |  8.5
Invocations    | 3 5 |  5.4
Throwing       | |  2.0

Action                     |  1- 3 |  4- 6 |  7- 9 | 10-12 || total
---------------------------+-------+-------+-------+-------++-------
  Melee: Trident           |    77 |   149 |   246 |    80 ||   552
         Punch             |       |       |     2 |     2 ||     4
         Halberd           |       |       |       |    63 ||    63
  Throw: Throwing net      |       |     2 |     1 |       ||     3
         Dart              |       |       |     8 |       ||     8
         Boomerang         |       |       |    36 |    71 ||   107
         Javelin           |       |       |     2 |       ||     2
  Evoke: Wand              |       |     2 |     2 |       ||     4
    Use: Scroll            |       |       |    18 |     4 ||    22
         Potion            |       |       |     4 |     6 ||    10
   Stab: Sleeping          |     1 |       |       |       ||     1
         Held in net/web   |       |     1 |       |       ||     1
 Armour: Leather armour    |    13 |     1 |       |       ||    14
         Chain mail        |       |    40 |    27 |       ||    67
         Plate armour      |       |       |    36 |    89 ||   125
  Dodge: Dodged            |    23 |    49 |    57 |    98 ||   227

Table legend: (Time is in decaauts)
 A = Elapsed time spent in this place.
 B = Non-inter-level travel time spent in this place.
 C = Inter-level travel time spent in this place.
 D = Time resting spent in this place.
 E = Time spent auto-exploring this place.
 F = Levels seen in this place.
 G = Mean time per level.
                   A        B        C        D        E       F      G
               +--------+--------+--------+--------+--------+-----+--------+
         Total |   9012 |   8396 |    616 |   1062 |   5939 |  10 |  901.2 |
       Dungeon |   8883 |   8304 |    579 |   1062 |   5859 |   9 |  987.0 |
        Temple |    129 |     92 |     37 |      0 |     80 |   1 |  129.0 |
               +--------+--------+--------+--------+--------+-----+--------+

Top non-repeatable levels by time:
     D:5: 1749 daAuts
     D:8: 1586 daAuts
     D:7: 1192 daAuts
     D:3: 939 daAuts
     D:9: 889 daAuts
     D:6: 812 daAuts
     D:2: 638 daAuts
     D:1: 545 daAuts
     D:4: 529 daAuts
  Temple: 129 daAuts
